AoeStats
← BigBlob

Arabia

503875369Analyzed
3v3 RM · 28d ago on Sep 2, 2026· 55m 7s· 6 players
Game mode
Random Map
Map size
Normal (6 player)
Population
200
Speed
Normal
Resources
Standard
Victory
Conquest
Starting age
Dark Age
Ending age
Imperial Age
RankedLock teamsTeams togetherTeam positionsShared explorationLock speedFull tech treeHidden civsTurbo modeCheats
Victory
Defeat
🇩🇪 Tatars · Germany
1254
+13
🇹🇷 Berbers · Türkiye
1164
+17
🇨🇴 Portuguese · Colombia
1138
+19
🇩🇪 Maya · Germany
1272
-20
🇩🇪 Poles · Germany
1227
-18
🇩🇪 Ethiopians · Germany
1080
-11
laggysnapy
7:09 Loom
11:33 Feudal Age
12:08 Double-Bit Axe
12:05 Horse Collar
13:37 Scale Barding Armor
22:06 Castle Age
20:26 Forging
20:34 Bloodlines
22:53 Husbandry
23:31 Wheelbarrow
23:17 Chain Barding Armor
23:33 Iron Casting
22:55 Gold Mining
23:18 Bow Saw
23:17 Heavy Plow
24:45 Fletching
28:24 Town Watch
33:57 Bodkin Arrow
36:35 Hand Cart
37:10 Stone Mining
40:32 Szlachta Privileges
47:40 Imperial Age
47:41 Cavalier
49:23 Blast Furnace
49:26 Crop Rotation
ulles
0:29 Loom
10:33 Feudal Age
11:55 Fletching
14:17 Scale Mail Armor
18:20 Double-Bit Axe
18:55 Horse Collar
24:36 Castle Age
23:30 Gold Mining
24:11 Padded Archer Armor
24:42 Crossbowman
25:26 Bodkin Arrow
25:45 Pikeman
29:22 Bow Saw
31:03 Thumb Ring
37:08 Eagle Warrior
41:38 Imperial Age
39:50 Wheelbarrow
39:31 Squires
41:53 Ballistics
42:22 Bracer
41:52 Arbalester
49:07 Chemistry
49:42 Capped Ram
49:53 Halberdier
52:13 Hand Cart
LaLoLo
11:44 Feudal Age
11:35 Loom
16:42 Double-Bit Axe
21:20 Castle Age
20:55 Fletching
22:47 Scale Mail Armor
22:49 Padded Archer Armor
22:22 Crossbowman
25:10 Thumb Ring
25:48 Elite Skirmisher
27:42 Bodkin Arrow
31:38 Wheelbarrow
34:08 Town Watch
39:56 Imperial Age
39:21 Leather Archer Armor
41:02 Bracer
41:35 Ring Archer Armor
40:54 Capped Ram
43:41 Ballistics
44:22 Chemistry
48:57 Chain Mail Armor
51:34 Masonry
BigBlob
5:49 Loom
8:58 Feudal Age
14:17 Double-Bit Axe
15:36 Scale Barding Armor
18:44 Forging
22:05 Castle Age
20:38 Fletching
20:49 Padded Archer Armor
21:15 Gold Mining
21:43 Bloodlines
21:32 Horse Collar
23:25 Bow Saw
23:51 Bodkin Arrow
24:34 Stone Mining
25:02 Husbandry
28:32 Ballistics
32:27 Leather Archer Armor
40:49 Gold Shaft Mining
43:58 Imperial Age
42:21 Wheelbarrow
42:03 Light Cavalry
43:04 Chain Barding Armor
42:55 Forging
43:20 Masonry
44:56 Bracer
46:16 Ring Archer Armor
48:45 Heavy Plow
49:37 Heavy Cavalry Archer
50:58 Caravan
52:36 Chemistry
51:41 Siege Engineers
51:51 Silk Armor
53:10 Hussar
56:19 Plate Barding Armor
56:19 Iron Casting
bluesea
1:16 Loom
11:18 Feudal Age
18:50 Castle Age
17:04 Double-Bit Axe
17:37 Gold Mining
18:15 Bloodlines
19:14 Scale Barding Armor
20:16 Chain Barding Armor
19:59 Husbandry
22:10 Bow Saw
25:34 Forging
25:56 Horse Collar
26:54 Gold Shaft Mining
27:35 Wheelbarrow
33:30 Stone Mining
34:39 Iron Casting
37:31 Imperial Age
37:43 Fortified Wall
37:44 Masonry
37:42 Cavalier
39:14 Heavy Plow
40:41 Plate Barding Armor
41:07 Blast Furnace
41:46 Hand Cart
41:06 Light Cavalry
42:29 Hussar
44:03 Stone Shaft Mining
46:12 Caravan
49:07 Conscription
50:33 Fletching
50:44 Padded Archer Armor
50:44 Treadmill Crane
52:43 Hoardings
53:54 Bodkin Arrow
54:15 Leather Archer Armor
AsseONE
5:20 Loom
10:20 Feudal Age
12:02 Double-Bit Axe
14:03 Bloodlines
17:25 Wheelbarrow
20:31 Forging
20:03 Horse Collar
22:16 Scale Barding Armor
26:38 Castle Age
29:03 Bow Saw
34:42 Husbandry
36:21 Fletching
40:05 Chain Barding Armor
41:29 Bodkin Arrow
42:14 Heavy Plow
45:16 Iron Casting
45:16 Stone Mining
46:27 Stone Shaft Mining
51:02 Imperial Age
50:48 Hand Cart
51:40 Gold Mining
53:16 Town Watch
55:06 Blast Furnace
55:33 Two-Man Saw
Connection lost

Rejoining the realm…

Still unreachable

The connection could not be restored.

Session expired

The server has moved on; the page needs a fresh start.